Griffins vs Senators
Created - January 26, 2022 at 19:02
Goals
|
Griffins |
0 |
1 |
1 |
2 |
Senators |
1 |
4 |
0 |
5 |
|
Shots
|
Griffins |
5 |
14 |
8 |
27 |
Senators |
9 |
14 |
6 |
29 |
|
1st period
1. Senators , Vitaly Abramov 1 (Kevin Rooney 6) at 0:49
Penalties :
Kevin Rooney (Bel) for Roughing (Minor) at 12:35
2nd period
2. Senators , Oliver Bjorkstrand 10 (Zemgus Girgensons 8, Jordan Schroeder 16) at 6:10
3. Griffins , Danny Kristo 9 (Mathew Barzal 10, Lucas Lessio 12) at 9:27
4. Senators , Tomas Jurco 9 (Zachary Sanford 12, Christoph Bertschy 15) at 9:43
5. Senators , Zachary Sanford 14 (Tomas Jurco 16, Chandler Stephenson 1) at 17:13
6. Senators , Zemgus Girgensons 13 (Dylan Blujus 5) at 18:44
Penalties :
No Penalty
3rd period
7. Griffins , Riley Armstrong 12 (Adam Gaudette 13) at 0:44 (PP)
Penalties :
Michael Matheson (Bel) for Hooking (Minor) at 0:37, Dmitry Sinitsyn (Bel) for Interference (Minor) at 1:25, Michael Matheson (Bel) for Roughing (Minor) at 13:14
Goalie Stats
Olivier Roy (Gra), 17 saves from 22 shots - (0.773), L, 8-6-0, 38:44 minutes
Adam Werner (Gra), 7 saves from 7 shots - (1.000), 21:16 minutes
Sami Aittokallio (Bel), 25 saves from 27 shots - (0.926), W, 12-5-1, 60:00 minutes
Players Stats for Griffins
Player Name G A P +/- PIM S H SB GA TA FO MP PP MP PK MP
------------------------------------------------------------------------------------
Adam Gaudette 0 1 1 -4 0 1 1 1 1 0 1/1 21:06 3:05 0:00
Brendan Woods 0 0 0 0 0 1 1 0 0 0 0/0 8:42 0:00 0:00
Danny Kristo 1 0 1 1 0 4 1 0 1 0 1/1 18:27 2:59 0:00
Filip Hronek 0 0 0 0 0 0 0 1 0 0 0/0 12:02 0:00 0:00
Garrett Wilson 0 0 0 -1 0 2 1 0 0 0 0/0 12:00 0:00 0:00
Ian McCoshen 0 0 0 -1 0 0 0 0 0 0 0/0 6:34 0:00 0:00
Lucas Lessio 0 1 1 1 0 2 1 0 0 1 0/0 18:30 2:59 0:00
Marcus Pettersson 0 0 0 1 0 0 0 1 0 1 0/0 21:06 3:22 0:00
Martin Frk 0 0 0 -1 0 0 2 0 1 0 2/8 15:19 3:22 0:00
Mathew Barzal 0 1 1 1 0 0 1 0 1 0 10/19 18:27 2:59 0:00
Patrick Wiercioch 0 0 0 -4 0 1 2 0 0 0 0/0 16:37 0:00 0:00
Phil Oreskovic 0 0 0 1 0 1 0 1 0 0 0/0 17:44 0:00 0:00
Riley Armstrong 1 0 1 -4 0 4 0 0 2 1 18/27 21:06 3:05 0:00
Ryan Lindgren 0 0 0 -1 0 0 0 1 0 1 0/0 6:34 0:00 0:00
Ryan Pulock 0 0 0 0 0 0 0 0 1 0 0/0 12:02 0:00 0:00
Sonny Milano 0 0 0 -1 0 3 1 0 0 0 0/0 15:20 2:42 0:00
Travis Sanheim 0 0 0 -4 0 2 0 1 3 0 0/0 20:18 2:42 0:00
Troy Terry 0 0 0 0 0 2 1 0 0 0 0/0 8:30 0:00 0:00
Tyler Pitlick 0 0 0 -4 0 4 2 0 1 0 1/2 21:06 3:05 0:00
Vladislav Namestnikov 0 0 0 0 0 0 0 0 0 1 3/3 8:30 0:00 0:00
Players Stats for Senators
Player Name G A P +/- PIM S H SB GA TA FO MP PP MP PK MP
------------------------------------------------------------------------------------
Adam Ollas-Mattsson 0 0 0 1 0 0 0 0 0 1 0/0 5:49 0:00 0:15
Anthony Richard 0 0 0 0 0 0 0 0 0 0 1/1 1:39 0:00 1:28
Chandler Stephenson 0 1 1 1 0 0 0 0 0 0 2/3 7:09 0:00 0:06
Christoph Bertschy 0 1 1 1 0 0 1 0 0 2 6/31 19:09 0:00 3:23
Dmitry Sinitsyn 0 0 0 2 2 0 0 2 0 1 0/0 22:35 0:00 2:08
Dylan Blujus 0 1 1 1 0 0 1 4 0 1 0/0 21:00 0:00 3:02
Gustav Forsling 0 0 0 1 0 0 0 0 0 0 0/0 5:16 0:00 0:00
Joonas Lyytinen 0 0 0 0 0 1 0 2 0 1 0/0 12:22 0:00 2:00
Jordan Schroeder 0 1 1 1 0 4 1 1 0 0 6/10 18:43 0:00 1:07
Keegan Lowe 0 0 0 1 0 3 0 1 0 2 0/0 21:00 0:00 3:02
Kevin Rooney 0 1 1 1 2 4 2 1 1 1 8/11 14:26 0:00 0:00
Michael Matheson 0 0 0 2 4 3 2 1 0 0 0/0 21:59 0:00 1:41
Oliver Bjorkstrand 1 0 1 1 0 3 2 0 0 0 0/0 17:36 0:00 0:00
Scott Harrington 0 0 0 0 0 0 0 0 0 0 0/0 10:22 0:00 0:00
Tomas Jurco 1 1 2 2 0 3 3 0 1 1 0/0 20:56 0:00 0:00
Vitaly Abramov 1 0 1 1 0 2 1 1 0 1 0/1 15:03 0:00 0:32
William Bitten 0 0 0 1 0 1 1 0 0 0 0/1 14:28 0:00 0:00
Zachary Sanford 1 1 2 2 0 4 2 2 2 0 1/2 24:30 0:00 3:20
Zemgus Girgensons 1 1 2 1 0 1 2 2 1 0 1/1 19:50 0:00 2:12
3 Stars
1 - Tomas Jurco (Bel)
2 - Zachary Sanford (Bel)
3 - Zemgus Girgensons (Bel)
Power Play
Griffins - 1 on 4 Attempt(s) - 25.00%
Senators - 0 on 0 Attempt(s) - 0.00%
Penalty Kill
Griffins - 0 on 0 Attempt(s) - 0.00%
- Score 0 goal in Penalty Kill
Senators - 3 on 4 Attempt(s) - 75.00%
- Score 0 goal in Penalty Kill
Team Stat
Griffins - Hits : 14 - Faceoff Wins : 36 - Blocked Shots : 6 - Penalty Minutes : 0
Senators - Hits : 18 - Faceoff Wins : 25 - Blocked Shots : 17 - Penalty Minutes : 8
Official
Referees : Kyle Rehman and Mitch Dunning
Linesman : Scott Cherrey and Steve Miller
Game Notes
Adam Werner enters game at 18:44 of 2nd period
Finance
Level 1 -- Attendance: 1772 (88.60%) -- Ticket Income $62,020
Level 2 -- Attendance: 942 (94.20%) -- Ticket Income $14,130
Total Attendance: 2714 (90.47%)
Total Ticket Income: $76,150
Other Income: $3,808
Total Income: $79,958
Griffins
5 vs 5 Forward
Center Left Wing Right Wing Time % Phy DF OF
1 Riley Armstrong Tyler Pitlick Adam Gaudette 37 1 2 2
2 Mathew Barzal Lucas Lessio Danny Kristo 33 1 2 2
3 Martin Frk Sonny Milano Garrett Wilson 20 1 2 2
4 Vladislav Namestnikov Brendan Woods Troy Terry 10 1 2 2
5 vs 5 Defense
Defense Defense Time % Phy DF OF
1 Marcus Pettersson Phil Oreskovic 35 1 2 2
2 Patrick Wiercioch Travis Sanheim 35 1 2 2
3 Ryan Pulock Filip Hronek 20 1 2 2
4 Ryan Lindgren Ian McCoshen 10 1 2 2
PowerPlay Forward
Center Left Wing Right Wing Time % Phy DF OF
1 Riley Armstrong Tyler Pitlick Adam Gaudette 55 1 1 3
2 Mathew Barzal Lucas Lessio Danny Kristo 45 1 1 3
PowerPlay Defense
Defense Defense Time % Phy DF OF
1 Marcus Pettersson Martin Frk 55 0 2 3
2 Travis Sanheim Sonny Milano 45 0 2 3
Penalty Kill 4 Players Forward
Center Wing Time % Phy DF OF
1 Riley Armstrong Brendan Woods 60 1 2 2
2 Vladislav Namestnikov Danny Kristo 40 1 2 2
Penalty Kill 4 Players Defense
Defense Defense Time % Phy DF OF
1 Marcus Pettersson Phil Oreskovic 60 1 2 2
2 Patrick Wiercioch Travis Sanheim 40 1 2 2
Penalty Kill - 3 Players Forward
Forward Time % Phy DF OF
1 Brendan Woods 60 1 2 2
2 Riley Armstrong 40 1 2 2
Penalty Kill - 3 Players Defense
Defense Defense Time % Phy DF OF
1 Marcus Pettersson Phil Oreskovic 60 1 2 2
2 Patrick Wiercioch Travis Sanheim 40 1 2 2
4 vs 4 Forward
Center Wing Time % Phy DF OF
1 Riley Armstrong Tyler Pitlick 60 1 2 2
2 Vladislav Namestnikov Brendan Woods 40 1 2 2
4 vs 4 Defense
Defense Defense Time % Phy DF OF
1 Marcus Pettersson Phil Oreskovic 60 1 2 2
2 Patrick Wiercioch Travis Sanheim 40 1 2 2
Last Minutes Offensive
Center Left Wing Right Wing Defense Defense
Riley Armstrong Tyler Pitlick Danny Kristo Marcus Pettersson Travis Sanheim
Last Minutes Defensive
Center Left Wing Right Wing Defense Defense
Riley Armstrong Brendan Woods Danny Kristo Marcus Pettersson Phil Oreskovic
Goaltenders
Starting : Olivier Roy
Backup : Adam Werner
Extra Forwards
Normal : Brendan Woods, Lucas Lessio, Garrett Wilson - PP : Brendan Woods, Lucas Lessio - PK : Brendan Woods
Extra Defensemen
Normal : Ryan Pulock, Ian McCoshen, Ryan Lindgren - PP : Ryan Pulock - PK : Ryan Pulock, Ian McCoshen
Penalty Shots
Adam Gaudette, Sonny Milano, Danny Kristo, Vladislav Namestnikov, Troy Terry
Scratches
Greg McKegg (Healthy), Jack Ramsey (Healthy), Jordan Weal (Healthy), Konrad Abeltshauser (Healthy), Michael Bunting (Healthy)
Nikita Pavlychev (Healthy), Ryan Mantha (Healthy), Tanner Kero (Healthy), Tomas Hyka (Healthy), Marcus Hogberg (Healthy)
Philippe Desrosiers (Healthy)
Senators
5 vs 5 Forward
Center Left Wing Right Wing Time % Phy DF OF
1 Christoph Bertschy Zachary Sanford Tomas Jurco 35 0 2 3
2 Jordan Schroeder Zemgus Girgensons Oliver Bjorkstrand 30 0 2 3
3 Kevin Rooney Vitaly Abramov William Bitten 20 0 2 3
4 Chandler Stephenson Zachary Sanford Tomas Jurco 15 0 3 2
5 vs 5 Defense
Defense Defense Time % Phy DF OF
1 Michael Matheson Dmitry Sinitsyn 40 1 2 2
2 Keegan Lowe Dylan Blujus 35 1 2 2
3 Scott Harrington Joonas Lyytinen 20 1 2 2
4 Adam Ollas-Mattsson Gustav Forsling 5 1 3 1
PowerPlay Forward
Center Left Wing Right Wing Time % Phy DF OF
1 Christoph Bertschy Zachary Sanford Tomas Jurco 60 0 1 4
2 Jordan Schroeder Zemgus Girgensons Oliver Bjorkstrand 40 0 1 4
PowerPlay Defense
Defense Defense Time % Phy DF OF
1 Michael Matheson Dmitry Sinitsyn 60 0 1 4
2 Keegan Lowe Dylan Blujus 40 0 1 4
Penalty Kill 4 Players Forward
Center Wing Time % Phy DF OF
1 Christoph Bertschy Zachary Sanford 60 1 4 0
2 Jordan Schroeder Zemgus Girgensons 40 1 4 0
Penalty Kill 4 Players Defense
Defense Defense Time % Phy DF OF
1 Michael Matheson Dmitry Sinitsyn 60 1 4 0
2 Keegan Lowe Dylan Blujus 40 1 4 0
Penalty Kill - 3 Players Forward
Forward Time % Phy DF OF
1 Christoph Bertschy 60 1 4 0
2 Jordan Schroeder 40 1 4 0
Penalty Kill - 3 Players Defense
Defense Defense Time % Phy DF OF
1 Michael Matheson Dmitry Sinitsyn 60 2 3 0
2 Keegan Lowe Dylan Blujus 40 2 3 0
4 vs 4 Forward
Center Wing Time % Phy DF OF
1 Christoph Bertschy Zachary Sanford 55 0 2 3
2 Jordan Schroeder Zemgus Girgensons 45 0 2 3
4 vs 4 Defense
Defense Defense Time % Phy DF OF
1 Michael Matheson Dmitry Sinitsyn 60 1 2 2
2 Keegan Lowe Dylan Blujus 40 1 2 2
Last Minutes Offensive
Center Left Wing Right Wing Defense Defense
Christoph Bertschy Zachary Sanford Tomas Jurco Michael Matheson Dmitry Sinitsyn
Last Minutes Defensive
Center Left Wing Right Wing Defense Defense
Christoph Bertschy Zachary Sanford Tomas Jurco Michael Matheson Dmitry Sinitsyn
Goaltenders
Starting : Sami Aittokallio
Backup : Scott Wedgewood
Extra Forwards
Normal : Christoph Bertschy, Jordan Schroeder, Kevin Rooney - PP : Christoph Bertschy, Jordan Schroeder - PK : Christoph Bertschy
Extra Defensemen
Normal : Joonas Lyytinen, Adam Ollas-Mattsson, Gustav Forsling - PP : Joonas Lyytinen - PK : Joonas Lyytinen, Adam Ollas-Mattsson
Penalty Shots
Tomas Jurco, Oliver Bjorkstrand, Zachary Sanford, Zemgus Girgensons, Christoph Bertschy
Scratches
Grant Besse (Healthy), Jack Dougherty (Right Foot Injury), Jake Evans (Healthy), Jonas Siegenthaler (Healthy), Mason Geertsen (Healthy)
Arttu Ruotsalainen (Healthy), Cliff Pu (Healthy), Keven Bouchard (Healthy)
% Time on Ice - Griffins
Lines # - Real PCT - Wanted PCT - Time Play
Normal Forward
1 - 33% - 37% - 18:01
2 - 29% - 33% - 15:28
3 - 22% - 20% - 11:57
4 - 16% - 10% - 8:30
Normal Defense
1 - 33% - 35% - 17:44
2 - 33% - 35% - 17:36
3 - 22% - 20% - 12:02
4 - 12% - 10% - 6:34
PP Forward
1 - 51% - 55% - 3:05
2 - 49% - 45% - 2:59
PP Defense
1 - 55% - 55% - 3:22
2 - 45% - 45% - 2:42
PK Forward
1 - 0% - 60%
2 - 0% - 40%
PK Defense
1 - 0% - 60%
2 - 0% - 40%
PK3 Forward
1 - 0% - 60%
2 - 0% - 40%
PK3 Defense
1 - 0% - 60%
2 - 0% - 40%
44 Forward
1 - 0% - 60%
2 - 0% - 40%
44 Defense
1 - 0% - 60%
2 - 0% - 40%
Last Minute Offensive - 0:00
Last Minute Defensive - 0:00
Total
Forward - 60:00
Defense - 60:00
|
% Time on Ice - Senators
Lines # - Real PCT - Wanted PCT - Time Play
Normal Forward
1 - 28% - 35% - 15:17
2 - 32% - 30% - 17:18
3 - 27% - 20% - 14:22
4 - 13% - 15% - 6:59
Normal Defense
1 - 38% - 40% - 20:20
2 - 33% - 35% - 17:58
3 - 19% - 20% - 10:22
4 - 10% - 5% - 5:16
PP Forward
1 - 0% - 60%
2 - 0% - 40%
PP Defense
1 - 0% - 60%
2 - 0% - 40%
PK Forward
1 - 82% - 60% - 4:57
2 - 18% - 40% - 1:07
PK Defense
1 - 50% - 60% - 3:02
2 - 50% - 40% - 3:02
PK3 Forward
1 - 0% - 60%
2 - 0% - 40%
PK3 Defense
1 - 0% - 60%
2 - 0% - 40%
44 Forward
1 - 0% - 55%
2 - 0% - 45%
44 Defense
1 - 0% - 60%
2 - 0% - 40%
Last Minute Offensive - 0:00
Last Minute Defensive - 0:00
Total
Forward - 60:00
Defense - 60:00
|
Play-by-Play
1st period
0:01 of 1st period - Riley Armstrong wins face-off versus Christoph Bertschy in neutral zone.
0:43 of 1st period - Icing by Jordan Schroeder.
0:44 of 1st period - Kevin Rooney wins face-off versus Martin Frk in Senators zone.
0:49 of 1st period - Slapshot by Vitaly Abramov.
0:49 of 1st period - Goal by Vitaly Abramov - Griffins : 0 - Senators : 1.
0:50 of 1st period - Vladislav Namestnikov wins face-off versus Chandler Stephenson in neutral zone.
0:55 of 1st period - Snap shot by Vladislav Namestnikov.
0:55 of 1st period - Shot Misses the Net.
0:57 of 1st period - Wrist shot by Brendan Woods.
0:57 of 1st period - Shot Misses the Net.
0:59 of 1st period - Snap shot by Brendan Woods.
0:59 of 1st period - Shot Misses the Net.
1:03 of 1st period - Snap shot by Brendan Woods.
1:03 of 1st period - Stopped by Sami Aittokallio without a rebound.
1:04 of 1st period - Kevin Rooney wins face-off versus Riley Armstrong in Senators zone.
2:16 of 1st period - Snap shot by Vitaly Abramov.
2:16 of 1st period - Shot Misses the Net.
2:18 of 1st period - Slapshot by Joonas Lyytinen.
2:18 of 1st period - Deflect By Vladislav Namestnikov.
2:18 of 1st period - Stopped by Olivier Roy with a rebound.
3:46 of 1st period - Brendan Woods is hit by Tomas Jurco and loses puck.
3:59 of 1st period - Wrist shot by Oliver Bjorkstrand.
3:59 of 1st period - Shot Misses the Net.
4:16 of 1st period - Snap shot by Lucas Lessio.
4:16 of 1st period - Shot Misses the Net.
4:44 of 1st period - Wrist shot by Riley Armstrong.
4:44 of 1st period - Shot Blocked by Dylan Blujus.
4:46 of 1st period - Snap shot by Adam Gaudette.
4:46 of 1st period - Shot Blocked by Dylan Blujus.
4:48 of 1st period - Snap shot by Adam Gaudette.
4:48 of 1st period - Shot Blocked by Jordan Schroeder.
4:50 of 1st period - Backhand shot by Adam Gaudette.
4:50 of 1st period - Shot Misses the Net.
5:18 of 1st period - Snap shot by Sonny Milano.
5:18 of 1st period - Stopped by Sami Aittokallio without a rebound.
5:19 of 1st period - Chandler Stephenson wins face-off versus Martin Frk in Senators zone.
5:19 of 1st period - Chandler Stephenson is hit by Patrick Wiercioch.
5:48 of 1st period - Wrist shot by Travis Sanheim.
5:48 of 1st period - Shot Blocked by Dmitry Sinitsyn.
6:18 of 1st period - Wrist shot by Zachary Sanford.
6:18 of 1st period - Shot Blocked by Ryan Lindgren.
6:20 of 1st period - Snap shot by Christoph Bertschy.
6:20 of 1st period - Shot Misses the Net.
6:22 of 1st period - Slapshot by Michael Matheson.
6:22 of 1st period - Stopped by Olivier Roy with a rebound.
6:34 of 1st period - Slapshot by Vitaly Abramov.
6:34 of 1st period - Shot Misses the Net.
6:36 of 1st period - Slapshot by Keegan Lowe.
6:36 of 1st period - Shot Misses the Net.
6:38 of 1st period - Snap shot by Vitaly Abramov.
6:38 of 1st period - Stopped by Olivier Roy with a rebound.
7:01 of 1st period - Slapshot by Danny Kristo.
7:01 of 1st period - Shot Blocked by Dylan Blujus.
8:11 of 1st period - Wrist shot by Jordan Schroeder.
8:11 of 1st period - Shot Blocked by Travis Sanheim.
8:13 of 1st period - Wrist shot by Jordan Schroeder.
8:13 of 1st period - Shot Misses the Net.
8:23 of 1st period - Slapshot by Travis Sanheim.
8:23 of 1st period - Shot Hit the Post.
8:39 of 1st period - Slapshot by Jordan Schroeder.
8:39 of 1st period - Stopped by Olivier Roy without a rebound.
8:40 of 1st period - Christoph Bertschy wins face-off versus Riley Armstrong in Griffins zone.
10:17 of 1st period - Snap shot by Vladislav Namestnikov.
10:17 of 1st period - Shot Blocked by Kevin Rooney.
11:25 of 1st period - Vladislav Namestnikov is hit by Michael Matheson and loses puck.
11:44 of 1st period - Wrist shot by Tyler Pitlick.
11:44 of 1st period - Stopped by Sami Aittokallio with a rebound.
11:46 of 1st period - Snap shot by Phil Oreskovic.
11:46 of 1st period - Shot Blocked by Michael Matheson.
11:48 of 1st period - Slapshot by Tyler Pitlick.
11:48 of 1st period - Shot Misses the Net.
12:35 of 1st period - Minor Penalty to Kevin Rooney for Roughing.
12:36 of 1st period - Riley Armstrong wins face-off versus Christoph Bertschy in Senators zone.
13:18 of 1st period - Snap shot by Tyler Pitlick.
13:18 of 1st period - Stopped by Sami Aittokallio with a rebound.
14:35 of 1st period - Penalty to Kevin Rooney is over, Kevin Rooney is back on ice.
14:44 of 1st period - William Bitten is hit by Brendan Woods and loses puck.
15:25 of 1st period - Icing by Troy Terry.
15:26 of 1st period - Vladislav Namestnikov wins face-off versus Jordan Schroeder in Griffins zone.
15:45 of 1st period - Slapshot by Kevin Rooney.
15:45 of 1st period - Stopped by Olivier Roy without a rebound.
15:46 of 1st period - Kevin Rooney wins face-off versus Riley Armstrong in Griffins zone.
15:54 of 1st period - Off-side.
15:55 of 1st period - Riley Armstrong wins face-off versus Christoph Bertschy in neutral zone.
16:00 of 1st period - Snap shot by Zachary Sanford.
16:00 of 1st period - Stopped by Olivier Roy with a rebound.
16:26 of 1st period - Snap shot by Sonny Milano.
16:26 of 1st period - Stopped by Sami Aittokallio with a rebound.
16:42 of 1st period - Slapshot by Tomas Jurco.
16:42 of 1st period - Shot Misses the Net.
16:46 of 1st period - Snap shot by Tomas Jurco.
16:46 of 1st period - Stopped by Olivier Roy without a rebound.
16:47 of 1st period - Mathew Barzal wins face-off versus Jordan Schroeder in Griffins zone.
17:48 of 1st period - Joonas Lyytinen is hit by Troy Terry and loses puck.
17:59 of 1st period - Snap shot by Troy Terry.
17:59 of 1st period - Shot Misses the Net.
18:09 of 1st period - Danny Kristo is hit by Oliver Bjorkstrand.
18:52 of 1st period - Off-side.
18:53 of 1st period - Jordan Schroeder wins face-off versus Riley Armstrong in neutral zone.
18:56 of 1st period - Tyler Pitlick is hit by Jordan Schroeder and loses puck.
19:03 of 1st period - Snap shot by Jordan Schroeder.
19:03 of 1st period - Stopped by Olivier Roy with a rebound.
19:05 of 1st period - Snap shot by Jordan Schroeder.
19:05 of 1st period - Shot Misses the Net.
19:17 of 1st period - Tomas Jurco is hit by Danny Kristo and loses puck.
Goals for this period are 0 for Griffins vs 1 for Senators.
Shots for this period are 5 for Griffins vs 9 for Senators.
2nd period
0:01 of 2nd period - Christoph Bertschy wins face-off versus Riley Armstrong in neutral zone.
0:10 of 2nd period - Wrist shot by Riley Armstrong.
0:10 of 2nd period - Stopped by Sami Aittokallio with a rebound.
0:16 of 2nd period - Adam Gaudette is hit by Tomas Jurco and loses puck.
0:27 of 2nd period - Tyler Pitlick is hit by William Bitten.
0:33 of 2nd period - Slapshot by Riley Armstrong.
0:33 of 2nd period - Stopped by Sami Aittokallio without a rebound.
0:34 of 2nd period - Mathew Barzal wins face-off versus Kevin Rooney in Senators zone.
1:01 of 2nd period - Off-side.
1:02 of 2nd period - Martin Frk wins face-off versus Christoph Bertschy in neutral zone.
2:31 of 2nd period - Wrist shot by Martin Frk.
2:31 of 2nd period - Deflect By Garrett Wilson.
2:31 of 2nd period - Stopped by Sami Aittokallio without a rebound.
2:32 of 2nd period - Christoph Bertschy wins face-off versus Martin Frk in Senators zone.
2:39 of 2nd period - Wrist shot by Zachary Sanford.
2:39 of 2nd period - Stopped by Olivier Roy without a rebound.
2:40 of 2nd period - Christoph Bertschy wins face-off versus Riley Armstrong in Griffins zone.
3:13 of 2nd period - Wrist shot by Sonny Milano.
3:13 of 2nd period - Stopped by Sami Aittokallio without a rebound.
3:14 of 2nd period - Jordan Schroeder wins face-off versus Mathew Barzal in Senators zone.
3:14 of 2nd period - Jordan Schroeder is hit by Mathew Barzal.
3:45 of 2nd period - Snap shot by Riley Armstrong.
3:45 of 2nd period - Shot Misses the Net.
3:47 of 2nd period - Wrist shot by Riley Armstrong.
3:47 of 2nd period - Stopped by Sami Aittokallio with a rebound.
3:49 of 2nd period - Slapshot by Patrick Wiercioch.
3:49 of 2nd period - Stopped by Sami Aittokallio with a rebound.
4:03 of 2nd period - Snap shot by Kevin Rooney.
4:03 of 2nd period - Shot Misses the Net.
5:09 of 2nd period - Snap shot by Kevin Rooney.
5:09 of 2nd period - Stopped by Olivier Roy without a rebound.
5:10 of 2nd period - Riley Armstrong wins face-off versus Kevin Rooney in Griffins zone.
5:10 of 2nd period - Riley Armstrong is hit by Vitaly Abramov.
5:22 of 2nd period - Snap shot by Riley Armstrong.
5:22 of 2nd period - Shot Misses the Net.
5:24 of 2nd period - Slapshot by Patrick Wiercioch.
5:24 of 2nd period - Shot Misses the Net.
5:26 of 2nd period - Snap shot by Riley Armstrong.
5:26 of 2nd period - Shot Misses the Net.
5:33 of 2nd period - Icing by Joonas Lyytinen.
5:34 of 2nd period - Kevin Rooney wins face-off versus Mathew Barzal in Senators zone.
6:01 of 2nd period - Jordan Schroeder is hit by Tyler Pitlick and loses puck.
6:10 of 2nd period - Wrist shot by Oliver Bjorkstrand.
6:10 of 2nd period - Goal by Oliver Bjorkstrand - Griffins : 0 - Senators : 2.
6:11 of 2nd period - Riley Armstrong wins face-off versus Christoph Bertschy in neutral zone.
6:36 of 2nd period - Slapshot by Kevin Rooney.
6:36 of 2nd period - Stopped by Olivier Roy with a rebound.
6:38 of 2nd period - Wrist shot by Keegan Lowe.
6:38 of 2nd period - Stopped by Olivier Roy with a rebound.
6:40 of 2nd period - Slapshot by Vitaly Abramov.
6:40 of 2nd period - Shot Misses the Net.
7:00 of 2nd period - Slapshot by Travis Sanheim.
7:00 of 2nd period - Shot Blocked by Keegan Lowe.
7:02 of 2nd period - Snap shot by Danny Kristo.
7:02 of 2nd period - Stopped by Sami Aittokallio without a rebound.
7:03 of 2nd period - Danny Kristo wins face-off versus Christoph Bertschy in Senators zone.
7:56 of 2nd period - Off-side.
7:57 of 2nd period - Riley Armstrong wins face-off versus Kevin Rooney in neutral zone.
8:00 of 2nd period - Vitaly Abramov is hit by Tyler Pitlick and loses puck.
8:20 of 2nd period - Icing by Dmitry Sinitsyn.
8:21 of 2nd period - Kevin Rooney wins face-off versus Mathew Barzal in Senators zone.
8:26 of 2nd period - Phil Oreskovic is hit by Zachary Sanford and loses puck.
8:36 of 2nd period - Off-side.
8:37 of 2nd period - Jordan Schroeder wins face-off versus Riley Armstrong in neutral zone.
8:40 of 2nd period - Slapshot by Keegan Lowe.
8:40 of 2nd period - Shot Blocked by Adam Gaudette.
9:02 of 2nd period - Zemgus Girgensons is hit by Garrett Wilson and loses puck.
9:27 of 2nd period - Snap shot by Danny Kristo.
9:27 of 2nd period - Goal by Danny Kristo - Griffins : 1 - Senators : 2.
9:28 of 2nd period - Riley Armstrong wins face-off versus Christoph Bertschy in neutral zone.
9:43 of 2nd period - Snap shot by Tomas Jurco.
9:43 of 2nd period - Goal by Tomas Jurco - Griffins : 1 - Senators : 3.
9:44 of 2nd period - Mathew Barzal wins face-off versus Christoph Bertschy in neutral zone.
9:55 of 2nd period - Lucas Lessio is hit by Tomas Jurco and loses puck.
10:16 of 2nd period - Snap shot by Adam Gaudette.
10:16 of 2nd period - Shot Blocked by Zemgus Girgensons.
10:18 of 2nd period - Slapshot by Phil Oreskovic.
10:18 of 2nd period - Stopped by Sami Aittokallio with a rebound.
10:20 of 2nd period - Wrist shot by Tyler Pitlick.
10:20 of 2nd period - Stopped by Sami Aittokallio without a rebound.
10:21 of 2nd period - Jordan Schroeder wins face-off versus Tyler Pitlick in Senators zone.
10:21 of 2nd period - Jordan Schroeder is hit by Adam Gaudette.
11:15 of 2nd period - Snap shot by Garrett Wilson.
11:15 of 2nd period - Shot Misses the Net.
11:29 of 2nd period - Phil Oreskovic is hit by Michael Matheson and loses puck.
11:46 of 2nd period - Slapshot by Michael Matheson.
11:46 of 2nd period - Shot Misses the Net.
12:14 of 2nd period - Off-side.
12:15 of 2nd period - Riley Armstrong wins face-off versus William Bitten in neutral zone.
12:39 of 2nd period - Off-side.
12:40 of 2nd period - Mathew Barzal wins face-off versus Jordan Schroeder in neutral zone.
13:02 of 2nd period - Icing by Travis Sanheim.
13:03 of 2nd period - Tyler Pitlick wins face-off versus Christoph Bertschy in Griffins zone.
13:19 of 2nd period - Off-side.
13:20 of 2nd period - Jordan Schroeder wins face-off versus Mathew Barzal in neutral zone.
13:27 of 2nd period - Snap shot by Jordan Schroeder.
13:27 of 2nd period - Shot Blocked by Phil Oreskovic.
13:29 of 2nd period - Slapshot by Dylan Blujus.
13:29 of 2nd period - Deflect By Jordan Schroeder.
13:29 of 2nd period - Shot Misses the Net.
13:29 of 2nd period - Puck is out of play.
13:30 of 2nd period - Mathew Barzal wins face-off versus Jordan Schroeder in Griffins zone.
13:49 of 2nd period - Snap shot by Jordan Schroeder.
13:49 of 2nd period - Stopped by Olivier Roy with a rebound.
14:01 of 2nd period - Snap shot by Zemgus Girgensons.
14:01 of 2nd period - Deflect By Oliver Bjorkstrand.
14:01 of 2nd period - Stopped by Olivier Roy with a rebound.
14:03 of 2nd period - Snap shot by Jordan Schroeder.
14:03 of 2nd period - Stopped by Olivier Roy without a rebound.
14:04 of 2nd period - Riley Armstrong wins face-off versus Christoph Bertschy in Griffins zone.
14:13 of 2nd period - Wrist shot by Tyler Pitlick.
14:13 of 2nd period - Shot Misses the Net.
14:19 of 2nd period - Snap shot by Travis Sanheim.
14:19 of 2nd period - Stopped by Sami Aittokallio with a rebound.
14:34 of 2nd period - Michael Matheson is hit by Sonny Milano and loses puck.
15:15 of 2nd period - Wrist shot by Lucas Lessio.
15:15 of 2nd period - Shot Blocked by Zachary Sanford.
15:21 of 2nd period - Wrist shot by Lucas Lessio.
15:21 of 2nd period - Shot Blocked by Joonas Lyytinen.
15:52 of 2nd period - Adam Gaudette is hit by Kevin Rooney.
15:58 of 2nd period - Snap shot by Tyler Pitlick.
15:58 of 2nd period - Shot Blocked by Vitaly Abramov.
16:10 of 2nd period - Wrist shot by Vitaly Abramov.
16:10 of 2nd period - Deflect By Kevin Rooney.
16:10 of 2nd period - Stopped by Olivier Roy without a rebound.
16:11 of 2nd period - Christoph Bertschy wins face-off versus Mathew Barzal in Griffins zone.
16:12 of 2nd period - Wrist shot by Tomas Jurco.
16:12 of 2nd period - Shot Misses the Net.
16:36 of 2nd period - Oliver Bjorkstrand is hit by Martin Frk and loses puck.
17:03 of 2nd period - Slapshot by Keegan Lowe.
17:03 of 2nd period - Deflect By Troy Terry.
17:03 of 2nd period - Stopped by Olivier Roy without a rebound.
17:04 of 2nd period - Chandler Stephenson wins face-off versus Riley Armstrong in Griffins zone.
17:13 of 2nd period - Snap shot by Zachary Sanford.
17:13 of 2nd period - Goal by Zachary Sanford - Griffins : 1 - Senators : 4.
17:14 of 2nd period - Riley Armstrong wins face-off versus Christoph Bertschy in neutral zone.
18:22 of 2nd period - Keegan Lowe is hit by Patrick Wiercioch and loses puck.
18:31 of 2nd period - Troy Terry is hit by Dylan Blujus and loses puck.
18:44 of 2nd period - Snap shot by Zemgus Girgensons.
18:44 of 2nd period - Goal by Zemgus Girgensons - Griffins : 1 - Senators : 5.
18:44 of 2nd period - Adam Werner enters game.
18:45 of 2nd period - Adam Gaudette wins face-off versus Zachary Sanford in neutral zone.
18:50 of 2nd period - Snap shot by Adam Gaudette.
18:50 of 2nd period - Shot Blocked by Zachary Sanford.
18:58 of 2nd period - Snap shot by Tomas Jurco.
18:58 of 2nd period - Stopped by Adam Werner without a rebound.
18:59 of 2nd period - Mathew Barzal wins face-off versus Christoph Bertschy in Griffins zone.
19:32 of 2nd period - Slapshot by Tyler Pitlick.
19:32 of 2nd period - Stopped by Sami Aittokallio without a rebound.
19:33 of 2nd period - Mathew Barzal wins face-off versus Christoph Bertschy in Senators zone.
19:34 of 2nd period - Wrist shot by Danny Kristo.
19:34 of 2nd period - Stopped by Sami Aittokallio with a rebound.
19:36 of 2nd period - Snap shot by Danny Kristo.
19:36 of 2nd period - Stopped by Sami Aittokallio without a rebound.
19:37 of 2nd period - Mathew Barzal wins face-off versus Christoph Bertschy in Senators zone.
19:44 of 2nd period - Zachary Sanford is hit by Lucas Lessio and loses puck.
19:56 of 2nd period - Icing by Dylan Blujus.
19:57 of 2nd period - Riley Armstrong wins face-off versus Christoph Bertschy in Senators zone.
Goals for this period are 1 for Griffins vs 4 for Senators.
Shots for this period are 14 for Griffins vs 14 for Senators.
3rd period
0:01 of 3rd period - Riley Armstrong wins face-off versus Christoph Bertschy in neutral zone.
0:13 of 3rd period - Off-side.
0:14 of 3rd period - Mathew Barzal wins face-off versus Christoph Bertschy in neutral zone.
0:24 of 3rd period - Wrist shot by Lucas Lessio.
0:24 of 3rd period - Deflect By Mathew Barzal.
0:24 of 3rd period - Shot Misses the Net.
0:24 of 3rd period - Puck is out of play.
0:25 of 3rd period - Riley Armstrong wins face-off versus Christoph Bertschy in Senators zone.
0:37 of 3rd period - Minor Penalty to Michael Matheson for Hooking.
0:38 of 3rd period - Riley Armstrong wins face-off versus Christoph Bertschy in Senators zone.
0:42 of 3rd period - Wrist shot by Adam Gaudette.
0:42 of 3rd period - Shot Misses the Net.
0:44 of 3rd period - Snap shot by Riley Armstrong.
0:44 of 3rd period - Goal by Riley Armstrong - Griffins : 2 - Senators : 5.
0:45 of 3rd period - Riley Armstrong wins face-off versus Christoph Bertschy in neutral zone.
1:17 of 3rd period - Wrist shot by Lucas Lessio.
1:17 of 3rd period - Stopped by Sami Aittokallio with a rebound.
1:19 of 3rd period - Snap shot by Lucas Lessio.
1:19 of 3rd period - Shot Blocked by Dmitry Sinitsyn.
1:25 of 3rd period - Minor Penalty to Dmitry Sinitsyn for Interference.
1:26 of 3rd period - Riley Armstrong wins face-off versus Christoph Bertschy in Senators zone.
1:39 of 3rd period - Wrist shot by Zachary Sanford.
1:39 of 3rd period - Stopped by Adam Werner with a rebound.
1:41 of 3rd period - Wrist shot by Joonas Lyytinen.
1:41 of 3rd period - Shot Blocked by Marcus Pettersson.
2:35 of 3rd period - Off-side.
2:36 of 3rd period - Anthony Richard wins face-off versus Mathew Barzal in neutral zone.
2:41 of 3rd period - Wrist shot by Michael Matheson.
2:41 of 3rd period - Deflect By Zemgus Girgensons.
2:41 of 3rd period - Shot Misses the Net.
2:41 of 3rd period - Puck is out of play.
2:42 of 3rd period - Christoph Bertschy wins face-off versus Mathew Barzal in Griffins zone.
3:12 of 3rd period - Slapshot by Marcus Pettersson.
3:12 of 3rd period - Deflect By Adam Gaudette.
3:12 of 3rd period - Shot Blocked by Dylan Blujus.
3:12 of 3rd period - Puck is out of play.
3:13 of 3rd period - Zemgus Girgensons wins face-off versus Mathew Barzal in Senators zone.
3:25 of 3rd period - Penalty to Dmitry Sinitsyn is over, Dmitry Sinitsyn is back on ice.
4:17 of 3rd period - Off-side.
4:18 of 3rd period - Zachary Sanford wins face-off versus Mathew Barzal in neutral zone.
4:45 of 3rd period - Filip Hronek is hit by Oliver Bjorkstrand and loses puck.
5:09 of 3rd period - Off-side.
5:10 of 3rd period - Kevin Rooney wins face-off versus Martin Frk in neutral zone.
5:13 of 3rd period - Patrick Wiercioch is hit by Kevin Rooney and loses puck.
5:36 of 3rd period - Lucas Lessio is hit by Zachary Sanford and loses puck.
6:33 of 3rd period - Snap shot by Oliver Bjorkstrand.
6:33 of 3rd period - Deflect By Marcus Pettersson.
6:33 of 3rd period - Stopped by Adam Werner with a rebound.
6:35 of 3rd period - Slapshot by Keegan Lowe.
6:35 of 3rd period - Stopped by Adam Werner without a rebound.
6:36 of 3rd period - Kevin Rooney wins face-off versus Martin Frk in Griffins zone.
6:41 of 3rd period - Slapshot by Michael Matheson.
6:41 of 3rd period - Stopped by Adam Werner with a rebound.
7:26 of 3rd period - Marcus Pettersson is hit by Zemgus Girgensons and loses puck.
7:55 of 3rd period - Snap shot by Vitaly Abramov.
7:55 of 3rd period - Shot Blocked by Filip Hronek.
8:34 of 3rd period - Wrist shot by Adam Gaudette.
8:34 of 3rd period - Shot Misses the Net.
9:27 of 3rd period - Wrist shot by Garrett Wilson.
9:27 of 3rd period - Stopped by Sami Aittokallio with a rebound.
9:41 of 3rd period - Slapshot by Adam Gaudette.
9:41 of 3rd period - Stopped by Sami Aittokallio with a rebound.
10:07 of 3rd period - Slapshot by Brendan Woods.
10:07 of 3rd period - Shot Blocked by Joonas Lyytinen.
10:09 of 3rd period - Wrist shot by Troy Terry.
10:09 of 3rd period - Shot Misses the Net.
10:11 of 3rd period - Snap shot by Troy Terry.
10:11 of 3rd period - Stopped by Sami Aittokallio with a rebound.
10:13 of 3rd period - Slapshot by Troy Terry.
10:13 of 3rd period - Stopped by Sami Aittokallio with a rebound.
10:15 of 3rd period - Slapshot by Ian McCoshen.
10:15 of 3rd period - Shot Blocked by Zemgus Girgensons.
11:01 of 3rd period - Vitaly Abramov is hit by Martin Frk and loses puck.
11:11 of 3rd period - Off-side.
11:12 of 3rd period - Jordan Schroeder wins face-off versus Riley Armstrong in neutral zone.
11:46 of 3rd period - Slapshot by Michael Matheson.
11:46 of 3rd period - Deflect By William Bitten.
11:46 of 3rd period - Stopped by Adam Werner without a rebound.
11:47 of 3rd period - Kevin Rooney wins face-off versus Martin Frk in Griffins zone.
12:12 of 3rd period - Adam Gaudette is hit by Zemgus Girgensons.
12:36 of 3rd period - Mathew Barzal is hit by Christoph Bertschy and loses puck.
12:46 of 3rd period - Icing by Marcus Pettersson.
12:47 of 3rd period - Mathew Barzal wins face-off versus Christoph Bertschy in Griffins zone.
12:56 of 3rd period - Slapshot by Marcus Pettersson.
12:56 of 3rd period - Deflect By Lucas Lessio.
12:56 of 3rd period - Stopped by Sami Aittokallio without a rebound.
12:57 of 3rd period - Riley Armstrong wins face-off versus Christoph Bertschy in Senators zone.
13:12 of 3rd period - Snap shot by Riley Armstrong.
13:12 of 3rd period - Shot Misses the Net.
13:14 of 3rd period - Minor Penalty to Michael Matheson for Roughing.
13:15 of 3rd period - Riley Armstrong wins face-off versus Christoph Bertschy in Senators zone.
15:14 of 3rd period - Penalty to Michael Matheson is over, Michael Matheson is back on ice.
17:50 of 3rd period - Icing by Michael Matheson.
17:51 of 3rd period - Vladislav Namestnikov wins face-off versus Vitaly Abramov in Senators zone.
18:14 of 3rd period - Backhand shot by Michael Matheson.
18:14 of 3rd period - Deflect By Travis Sanheim.
18:14 of 3rd period - Stopped by Adam Werner with a rebound.
18:28 of 3rd period - Slapshot by Travis Sanheim.
18:28 of 3rd period - Stopped by Sami Aittokallio without a rebound.
18:29 of 3rd period - Martin Frk wins face-off versus Christoph Bertschy in Senators zone.
Goals for this period are 1 for Griffins vs 0 for Senators.
Shots for this period are 8 for Griffins vs 6 for Senators.